 Dungeon Crawl Stone Soup version 0.31.0-11-ge490571c62 (webtiles) character file.

Game seed: 15631944000705063695

58 qw the Shooter (level 3, 0/20 HPs)
             Began as a Deep Elf Hunter on Feb 3, 2024.
             Killed from afar by a dart slug (4 damage)
             ... with a slug dart
             ... on level 2 of the Dungeon.
             The game lasted 00:00:02 (836 turns).

qw the Shooter (Deep Elf Hunter)                     Turns: 836, Time: 00:00:03

Health: 0/20       AC:  5    Str: 10    XL:     3   Next: 76%
Magic:  5/5        EV: 11    Int: 13    God:
Gold:   24         SH:  0    Dex: 18    Spells: 2/2 levels left

rFire   . . .        a - +0 shortbow
rCold   . . .        (shield currently unavailable)
rNeg    . . .        f - +0 ring mail
rPois   .            (no helmet)
rElec   .            (no cloak)
rCorr   .            (no gloves)
SInv    .            (no boots)
Will    .....        (no amulet)
Stlth   +            (no ring)
HPRegen 0.23/turn    (no ring)
MPRegen 0.09/turn

%: no passive effects
@: no status effects
A: no striking features
a: no special abilities


You were on level 2 of the Dungeon.
You visited 1 branch of the dungeon, and saw 2 of its levels.

You collected 24 gold pieces.


   Skills:
 - Level 1.5 Fighting
 + Level 7.2 Ranged Weapons
 - Level 2.4 Dodging
 - Level 1.2 Stealth


You had 2 spell levels left.
You didn't know any spells.
Your spell library was empty.

Inventory:

Hand Weapons
 a - a +0 shortbow (weapon)
Armour
 f - a +0 ring mail (worn)
Potions
 b - a potion of cancellation {unknown}
 c - a potion of ambrosia {unknown}
 d - a potion of curing {unknown}
 e - a potion of brilliance {unknown}

Dungeon Overview and Level Annotations

Branches:
Dungeon (2/15)

Altars:


Message History

The bat moves out of view.
You shoot an arrow. The arrow closely misses the adder.
The arrow barely misses the ball python.
The adder barely misses you. The ball python closely misses you.
The ball python grabs you. The ball python constricts you.
You shoot an arrow.
The arrow closely misses the ball python.
The adder bites you. The ball python bites you. The ball python constricts you.
You shoot an arrow. The arrow hits the ball python.
The ball python is heavily wounded.
The ball python bites you but does no damage.
The ball python constricts you. The adder bites you.
You are poisoned.
The adder poisons you!
The ball python bites you but does no damage.
The ball python bites you. The ball python constricts you.
You shoot an arrow. The arrow hits the ball python!
You kill the ball python!
You feel sick. The adder bites you but does no damage.
The ball python bites you. The ball python barely misses you.
An endoplasm comes into view.
The adder bites you but does no damage.
You shoot an arrow. The arrow barely misses the adder.
You feel sick. The ball python barely misses you. The ball python grabs you.
The ball python constricts you. The adder bites you but does no damage.
The ball python barely misses you. The ball python constricts you.
You shoot an arrow.
The arrow barely misses the ball python.
The arrow misses the bat.
You feel sick.
You are no longer poisoned.
The adder bites you. The dart slug barely misses you.
The ball python closely misses you. The ball python constricts you.
The adder barely misses you.
You shoot an arrow. The arrow hits the ball python.
You kill the ball python!
The bat hits you but does no damage. The adder misses you.
The dart slug launches a dart at you. The slug dart hits you.
You die...

#..# #.# #.#
#. #..# #.#
#.# #.
#..#####.###
#.# #.
...........#
##.# #.
##########.#
#..# #. #)#
#.######.
#.###
#........
#...###
#.#######
###.S@# #.#
###(w..# #.#
J.b..# #.#
..###.# #.#
..# .# #.#
... # ..#
.... ..#
..##


You could see an adder, a dart slug, an endoplasm and a bat.

Vanquished Creatures
  A gnoll (D:1)
  An adder (D:2)
  4 bats (D:1)
  5 endoplasms
  2 giant cockroaches (D:1)
  4 goblins
  3 hobgoblins
  4 kobolds
  2 quokkas (D:1)
  7 ball pythons
  4 rats
37 creatures vanquished.

Notes
Turn   | Place    | Note
-------+----------+-------------------------------------------
     0 | D:1      | qw the Deep Elf Hunter began the quest for the Orb.
     0 | D:1      | Reached XP level 1. HP: 12/12 MP: 3/3
     0 | D:1      | 0 ||| qw: Version: 0.3-a-157-g843a77d
     0 | D:1      | 0 ||| qw: Game counter: 3817
     0 | D:1      | 0 ||| qw: Melee chars always use a shield: true
     0 | D:1      | 0 ||| qw: God list: Okawaru
     0 | D:1      | 0 ||| qw: Allow faded altars: false
     0 | D:1      | 0 ||| qw: Do Orc after clearing Dungeon:15 true
     0 | D:1      | 0 ||| qw: Do second Lair branch before Depths: true
     0 | D:1      | 0 ||| qw: Lair rune preference: random
     0 | D:1      | 0 ||| qw: Goals: Normal
     0 | D:1      | 0 ||| PLANNING D:1-11
    70 | D:1      | Reached XP level 2. HP: 16/16 MP: 4/4
    71 | D:1      | Reached skill level 6 in Ranged Weapons
   230 | D:1      | Reached XP level 3. HP: 18/20 MP: 5/5
   492 | D:1      | 492 ||| UPGRADING to +0 ring mail.
   502 | D:1      | 502 ||| DROPPING +0 leather armour.
   503 | D:1      | 503 ||| READING scroll labelled OSI NACUZIORE.
   604 | D:1      | 604 ||| READING scroll labelled XUTRIEX ZEHA.
   605 | D:1      | 605 ||| DROPPING scroll of butterflies.
   637 | D:2      | Reached skill level 7 in Ranged Weapons
   835 | D:2      | HP: 5/20 [poisoned by an adder]
   836 | D:2      | Killed from afar by a dart slug

Levels and vault maps discovered:
D:1:      tarquinn_simple_flora_water_e, layout_rooms, chequers_arboretum,
          minmay_tetromino_o4
D:2:      layout_loops_ring, minmay_bisected, uniq_crazy_yiuf_cottage

Skill      XL: |  1  2  3 |
---------------+----------+-----
Ranged Weapons | 6 7 |  7.2
Fighting       | |  1.5
Dodging        | |  2.4
Stealth        | |  1.2

Action                     || total
---------------------------++-------
   Fire: Shortbow          ||    95
    Use: Scroll            ||     2
 Armour: Leather armour    ||    16
         Ring mail         ||    17
  Dodge: Dodged            ||    30

Table legend:
 A = Non-vault XP
 B = Vault XP
 C = Vault XP percentage of total XP
 D = Non-vault monster count
 E = Vault monster count
 F = Vault count percentage of total count
                 A         B        C        D         E       F
            +---------+---------+-------+---------+---------+-------
      Total |      80 |       6 |   7.0 |      33 |       4 |  10.8
            +---------+---------+-------+---------+---------+-------
        D:1 |      50 |       5 |   9.1 |      22 |       3 |  12.0
        D:2 |      30 |       1 |   3.2 |      11 |       1 |   8.3
            +---------+---------+-------+---------+---------+-------
